 Dungeon Crawl Stone Soup version 0.30-a0-1082-g70414cbcbb (webtiles) character file.

Game seed: 12306721632022575362

436 BlueFalcon the Stinger (level 6, 0/41 HPs)
             Began as a Demonspawn Venom Mage on Apr 15, 2023.
             Slain by Pikel
             ... wielding a +0 whip of flaming
              (5 damage)
             ... on level 5 of the Dungeon.
             The game lasted 00:14:49 (3919 turns).

BlueFalcon the Stinger (Demonspawn Venom Mage)      Turns: 3919, Time: 00:14:50

Health: 0/41       AC:  2    Str: 10    XL:     6   Next: 69%
Magic:  5/11       EV: 12    Int: 16    God:
Gold:   84         SH:  0    Dex: 20    Spells: 2/12 levels left

rFire   . . .      SeeInvis .    a - +3 dagger (venom)
rCold   . . .      Faith    .    (no shield)
rNeg    . . .      Spirit   .    g - +0 robe
rPois   .          Reflect  .    (helmet restricted)
rElec   .          Rampage  .    (no cloak)
rCorr   .                        (no gloves)
Will    .....                    (no boots)
Stlth   ++                       (no amulet)
HPRegen 0.26/turn                c - +6 ring of dexterity
MPRegen 0.12/turn                (no ring)

@: no status effects
A: antennae 1, powered by death 1
a: no special abilities


You were on level 5 of the Dungeon.
You visited 1 branch of the dungeon, and saw 6 of its levels.

You collected 156 gold pieces.
You spent 72 gold pieces at shops.

Inventory:

Hand Weapons
 a - a +3 dagger of venom (weapon)
 w - a +0 falchion of pain
Missiles
 j - 5 poisoned darts
 q - 2 boomerangs
 s - 4 silver javelins
 v - 5 curare-tipped darts
Armour
 g - a +0 robe (worn)
Jewellery
 c - a +6 ring of dexterity (left hand)
 r - a ring of ice
Scrolls
 m - a scroll of immolation
 p - a scroll of fog
Potions
 e - a potion of magic
 i - a potion of curing
 k - a potion of attraction
 l - a potion of brilliance {unknown}
 n - a potion of haste {unknown}
 o - 2 potions of lignification {unknown}


   Skills:
 - Level 1.7 Dodging
 - Level 1.7 Stealth
 + Level 3.5 Spellcasting
 - Level 0.8 Transmutations
 + Level 2.7 Air Magic
 - Level 6.0 Poison Magic


You had 2 spell levels left.
You knew the following spells:

 Your Spells              Type           Power      Damage    Failure   Level
a - Sting                 Tmut/Pois      52%        1d5       4%          1
b - Poisonous Vapours     Pois/Air       32%        N/A       4%          2
c - Mephitic Cloud        Conj/Pois/Air  12%        N/A       16%         3
d - Olgreb's Toxic Radia  Pois           22%        N/A       16%         4

Your spell library contained the following spells:

 Spells                   Type           Power      Damage    Failure   Level


Dungeon Overview and Level Annotations

Branches:
Dungeon (6/15)
 Temple: D:4-7

Altars:
Gozag

Shops:
D:2 [*?**   D:3 *   D:4 (=

Annotations:
D:4 Grinder, Ijyb
D:5 Blork the orc, Pikel


Innate Abilities, Weirdness & Mutations

You have a pair of small antennae on your head.
You regenerate a little health from kills.


Message History

The black bear is heavily wounded.
The black bear closely misses you. The black bear claws you.
* * * LOW HITPOINT WARNING * * *
The black bear claws you but does no damage.
Aiming: Sting (safe; 4% risk of failure)
Press: ? - help, Q - select action, (/) - cycle Shift-Dir - straight line, f/p - black bear
Aim: a black bear (severely wounded, extremely poisoned, 79% to hit)
The sting hits the black bear.
The black bear looks as sick as possible!
The black bear is severely wounded.
The black bear goes berserk!
You hit the black bear.
The black bear is almost dead.
You kill the black bear!
Aiming: Sting (safe; 4% risk of failure)
Press: ? - help, Q - select action, (/) - cycle Shift-Dir - straight line, f - Pikel
Aim: Pikel, wielding a +0 whip of flaming and wearing a +0 robe (64% to hit)
The sting hits Pikel but does no damage.
Pikel is poisoned.
Pikel closely misses you.
You closely miss Pikel.
Pikel hits you with a +0 whip of flaming!
* * * LOW HITPOINT WARNING * * *
Pikel burns you.
* * * LOW HITPOINT WARNING * * *
You feel better.
Pikel hits you with a +0 whip of flaming.
* * * LOW HITPOINT WARNING * * *
Pikel burns you.
* * * LOW HITPOINT WARNING * * *
Aiming: Sting (safe; 4% risk of failure)
Press: ? - help, Q - select action, (/) - cycle Shift-Dir - straight line, f/p - Pikel
Aim: Pikel, wielding a +0 whip of flaming and wearing a +0 robe (lightly wounded, poisoned, 64% to hit)
The sting misses Pikel.
The sting hits the lemure.
The lemure is poisoned.
The lemure is lightly wounded.
Pikel closely misses you.
You barely miss Pikel.
Pikel is lightly wounded.
Pikel hits you with a +0 whip of flaming.
You die...

## #...........
#.................
#...#########.#####.##
#...####..............
#...#....###........#
#...'.....##........#
#.#.#5###.# #.......##
# #K# ..$#.........
#@# .###....†...# ###
_. #...<....# .#
#..5...... ..
#..5.....? .#
#....5.... .....#..)..
#.....#.5...
#.#####Kh... .. ...#.


You could see Pikel (poisoned) and a lemure (poisoned).

Vanquished Creatures
  A black bear (D:5)
  An ogre (D:4)
  A phantom (D:4)
  A hound (D:5)
  An iguana (D:5)
  4 adders
  2 worms (D:3)
  A dart slug (D:2)
  6 orcs
  4 ball pythons
  8 endoplasms
  3 giant cockroaches
  7 goblins
  6 hobgoblins
  4 jackals (D:2)
  6 kobolds
  6 quokkas
  9 bats
  5 frilled lizards
  11 rats
87 creatures vanquished.

Notes
Turn   | Place    | Note
-------+----------+-------------------------------------------
     0 | D:1      | BlueFalcon the Demonspawn Venom Mage began the quest for
                  | the Orb.
     0 | D:1      | Reached XP level 1. HP: 13/13 MP: 3/3
     6 | D:1      | Noticed a hound
     6 | D:1      | Noticed a black mamba
     7 | D:1      | Noticed a scorpion
     7 | D:1      | Noticed a seven-headed hydra
    38 | D:1      | You fall into a shaft and drop 1 floor!
   143 | D:1      | Gained mutation: You regenerate a little health from kills.
                  | [demonic ancestry]
   143 | D:1      | Reached XP level 2. HP: 19/19 MP: 1/5
   538 | D:1      | Gained mutation: You have a pair of small antennae on your
                  | head. [demonic ancestry]
   538 | D:1      | Reached XP level 3. HP: 24/24 MP: 2/6
   681 | D:2      | Reached skill level 4 in Poison Magic
  1054 | D:2      | Found Agoofykk's General Store.
  1057 | D:2      | Bought a scroll of identify for 24 gold pieces
  1057 | D:2      | Bought a scroll of identify for 24 gold pieces
  1429 | D:2      | Found Totyly's Magic Scroll Shop.
  1567 | D:2      | Found a faded altar of an unknown god.
  1686 | D:2      | Found Kuitt's Antique Armour Shop.
  1766 | D:2      | Found Mistrimp's General Store.
  1770 | D:2      | Reached XP level 4. HP: 29/30 MP: 8/8
  1773 | D:2      | Learned a level 2 spell: Poisonous Vapours
  1777 | D:2      | Learned a level 3 spell: Mephitic Cloud
  2012 | D:2      | Found Unoang's General Store.
  2519 | D:3      | Found Fokoirio's General Store.
  2530 | D:3      | Bought a scroll of identify for 24 gold pieces
  2548 | D:4      | Found Qoybra's Weapon Boutique.
  2551 | D:4      | Noticed Grinder
  2556 | D:4      | Noticed Ijyb
  3358 | D:5      | Entered Level 5 of the Dungeon
  3362 | D:4      | Noticed a phantom
  3397 | D:4      | Killed a phantom
  3398 | D:4      | Reached skill level 1 in Air Magic
  3398 | D:4      | Reached skill level 5 in Poison Magic
  3398 | D:4      | Reached XP level 5. HP: 25/35 MP: 9/9
  3571 | D:4      | Found Calamoji's Jewellery Shoppe.
  3585 | D:4      | Noticed an ogre
  3589 | D:4      | Killed an ogre
  3590 | D:4      | Reached XP level 6. HP: 41/41 MP: 10/10
  3642 | D:5      | Noticed Pikel
  3682 | D:5      | Reached skill level 6 in Poison Magic
  3687 | D:5      | Learned a level 4 spell: Olgreb's Toxic Radiance
  3850 | D:5      | Noticed Blork the orc
  3868 | D:5      | Found an opulent altar of Gozag.
  3919 | D:5      | Slain by Pikel

Illustrated notes

Levels and vault maps discovered:
D:1:      onia_arrival_zoo_common, layout_basic, minmay_octomino_e4
D:2:      layout_loops_corners, hellmonk_ecumenical_altar_dog_temple,
          serial_shops, shop_statue, shop, shop, shop, nicolae_shop_stone,
          basic_altar
D:3:      layout_basic, serial_shops, nicolae_shop_stone
D:4:      layout_loops_cross, ashenzari_conservatory_becter,
          minmay_temple_entry_arrows, serial_shops, shop,
          nicolae_shop_gaudy_bauble, shop, minivault_19, grunt_decor_resistance,
          due_unseen_surprise, uniq_ijyb, uniq_grinder
D:5:      layout_basic, overflow_temple_1_default,
          nicolae_gozag_cash_rules_everything_around_me,
          mainiacjoe_overflow_brackets, uniq_sigmund, uniq_pikel, uniq_menkaure,
          uniq_prince_ribbit1, uniq_blork_the_orc
D:6:      layout_loops_ring, xom_teletrap_fun, nicolae_vehumet_radiance,
          nicolae_overflow_hidden_temple, minmay_shop_enchanted_jewellery,
          uniq_eustachio

Skill      XL: |  1  2  3  4  5  6 |
---------------+-------------------+-----
Poison Magic   | 4 5 6 |  6.0
Spellcasting   | 3 |  3.5
Air Magic      | 1 2 |  2.7
Dodging        | |  1.7
Stealth        | |  1.7
Transmutations | |  0.8

Action                     |  1- 3 |  4- 6 || total
---------------------------+-------+-------++-------
  Melee: Short sword       |    79 |       ||    79
         Punch             |     2 |     1 ||     3
         Dagger            |    55 |    65 ||   120
  Throw: Dart              |     4 |     4 ||     8
   Cast: Sting             |    42 |    55 ||    97
    Use: Scroll            |     2 |    12 ||    14
         Potion            |       |     2 ||     2
   Stab: Sleeping          |     3 |     3 ||     6
 Armour: Robe              |    46 |    11 ||    57
  Dodge: Dodged            |   104 |    59 ||   163

Table legend: (Time is in decaauts)
 A = Elapsed time spent in this place.
 B = Non-inter-level travel time spent in this place.
 C = Inter-level travel time spent in this place.
 D = Time resting spent in this place.
 E = Time spent auto-exploring this place.
 F = Levels seen in this place.
 G = Mean time per level.
                   A        B        C        D        E       F      G
               +--------+--------+--------+--------+--------+-----+--------+
         Total |   3932 |   3890 |     42 |    503 |   2296 |   6 |  655.3 |
       Dungeon |   3932 |   3890 |     42 |    503 |   2296 |   6 |  655.3 |
               +--------+--------+--------+--------+--------+-----+--------+

Top non-repeatable levels by time:
     D:1: 1289 daAuts
     D:2: 1083 daAuts
     D:3: 871 daAuts
     D:4: 408 daAuts
     D:5: 278 daAuts
     D:6: 1 daAuts
